Map: [ESL] Cosmic Sapphire

Players

trigger

  • Race: Protoss Protoss
  • Spawn Location: 5:00

Ukko - Winner!

  • Race: Zerg Zerg
  • Spawn Location: 11:00

Event: DreamHack SC2 Masters 2022 Atlanta (Online)

VOD

Have the link to the VOD?

Description

Time

  • Played on: Oct. 5, 2022, 3:48 p.m.
  • Length: 15:12

All games in this series

Show
View Real Time Build Order
Export as new Build Order

trigger Protoss 

Build Orders: 1 Gate Expand, Oracle Opening 

Get SALT Encoding   

  12  0:00  Probe  
  13  0:12  Probe  
  14  0:20  Pylon  
  14  0:24  Probe  
  15  0:38  Probe (Chrono Boost)  
  15  0:39  Gateway  
  16  0:47  Probe (Chrono Boost)  
  16  0:48  Assimilator  
  17  0:52  Probe  
  18  1:05  Probe  
  19  1:17  Probe  
  20  1:24  Nexus  
  20  1:29  Probe  
  21  1:37  Cybernetics Core  
  21  1:45  Assimilator  
  21  1:46  Probe  
  22  1:52  Pylon  
  22  1:58  Probe  
  23  2:10  Probe (Chrono Boost)  
  23  2:14  Adept, Warp Gate  
  26  2:20  Probe (Chrono Boost)  
  27  2:25  Probe (Chrono Boost)  
  27  2:28  Stargate  
  28  2:36  Probe (Chrono Boost)  
  30  2:38  Probe (Chrono Boost)  
  30  2:44  Adept  
  33  2:45  Probe x2 (Chrono Boost)  
  33  2:50  Probe (Chrono Boost)  
  33  2:51  Probe  
  36  3:02  Probe  
  36  3:03  Probe  
  38  3:09  Oracle (Chrono Boost)  
  41  3:14  Probe  
  41  3:15  Probe, Pylon  
  43  3:20  Gateway  
  43  3:26  Probe  
  44  3:29  Probe  
  45  3:36  Nexus  
  45  3:39  Oracle (Chrono Boost), Probe  
  46  3:44  Probe  
  50  3:50  Pylon  
  50  3:51  Probe  
  51  3:56  Probe  
  51  4:00  Assimilator  
  52  4:03  Probe, Assimilator  
  52  4:08  Probe  
  52  4:09  Oracle  
  57  4:15  Probe  
  57  4:16  Stalker  
  60  4:18  Stalker  
  62  4:27  Pylon  
  62  4:29  Forge  
  62  4:30  Twilight Council  
  63  4:47  Probe x2 (Chrono Boost)  
  63  4:51  Gateway x2  
  63  4:52  Probe (Chrono Boost), Stalker x2  
  67  4:58  Protoss Ground Weapons Level 1 (Chrono Boost), Blink (Chrono Boost)  
  67  4:59  Probe (Chrono Boost)  
  67  5:02  Probe x2 (Chrono Boost)  
  67  5:04  Probe (Chrono Boost)  
  66  5:07  Probe (Chrono Boost)  
  66  5:10  Probe  
  66  5:13  Probe  
  69  5:14  Shield Battery  
  69  5:19  Stalker  
  69  5:20  Probe  
  72  5:22  Probe, Stalker  
  72  5:25  Probe  
  76  5:30  Pylon  
  76  5:32  Probe  
  76  5:34  Probe  
  78  5:38  Probe  
  79  5:46  Stalker x3  
  79  5:49  Stalker  
  87  5:55  Nexus  
  87  6:00  Probe x2, Pylon  
  89  6:06  Pylon  
  89  6:08  Probe  
  89  6:09  Stalker  
  92  6:21  Stalker x3  
  96  6:29  Probe x2  
  96  6:31  Probe  
  97  6:39  Photon Cannon, Stalker  
  99  6:40  Oracle  
  99  6:41  Probe x2  
  99  6:43  Probe  
  99  6:44  Shield Battery  
  104  6:47  Photon Cannon  
  104  6:48  Stalker  
  104  6:49  Zealot  
  104  6:53  Photon Cannon  
  108  6:55  Probe  
  108  6:58  Pylon  
  108  6:59  Gateway  
  108  7:00  Protoss Ground Weapons Level 2 (Chrono Boost)  
  109  7:02  Gateway  
  109  7:06  Probe  
  110  7:09  Probe x3  
  110  7:14  Stalker x2  
  117  7:17  Stalker  
  117  7:18  Probe  
  117  7:21  Shield Battery, Probe  
  121  7:23  Charge (Chrono Boost)  
  121  7:25  Probe x2  
  121  7:27  Gateway  
  121  7:29  Gateway  
  123  7:30  Pylon  
  123  7:35  Probe x2  
  125  7:38  Stalker x2  
  129  7:49  Stalker  
  129  7:50  Stalker  
  133  7:59  Gateway  
  133  8:03  Gateway  
  133  8:05  Pylon  
  133  8:08  Stalker x3  
  133  8:09  Nexus  
  139  8:17  Pylon  
  139  8:19  Pylon  
  139  8:23  Pylon  
  139  8:25  Stalker x4  
  147  8:27  Pylon  
  147  8:37  Probe x2  
  149  8:48  Stalker x8  
  155  8:56  Probe x2  
  155  8:58  Photon Cannon  
  155  9:00  Shield Battery  
  155  9:02  Pylon  
  157  9:04  Gateway  
  157  9:07  Zealot x2  
  161  9:10  Gateway  
  133  9:25  Probe x2  
  125  9:32  Stalker x10  
  135  9:38  Probe (Chrono Boost)  
  135  9:39  Probe x2 (Chrono Boost)  
  135  9:42  Probe (Chrono Boost)  
  135  9:44  Protoss Ground Armor Level 1 (Chrono Boost)  
  135  9:45  Probe (Chrono Boost)  
  131  9:50  Probe (Chrono Boost)  
  131  9:51  Probe (Chrono Boost)  
  129  9:54  Probe (Chrono Boost)  
  129  9:56  Zealot x8, Probe (Chrono Boost)  
  129  9:57  Zealot x2  
  129  9:58  Probe (Chrono Boost)  
  150  10:02  Probe (Chrono Boost), Stalker  
  150  10:03  Probe (Chrono Boost)  
  154  10:08  Probe  
  154  10:11  Shield Battery  
  149  10:16  Zealot x2  
  149  10:17  Zealot x3  
  151  10:22  Probe  
  151  10:26  Zealot x5  
  132  10:38  Zealot x6  
  136  10:47  Stalker x3  
  136  10:48  Stalker  
  140  10:51  Stalker  
  129  10:58  Zealot x5  
  129  10:59  Zealot  
  129  11:00  Probe x3  
  129  11:02  Probe  
  139  11:11  Probe  
  126  11:12  Probe  
  126  11:18  Templar Archives  
  127  11:20  Zealot x3  
  127  11:25  Nexus  
  133  11:26  Photon Cannon  
  133  11:28  Stalker x3  
  133  11:31  Shield Battery  
  133  11:32  Stalker  
  139  11:38  Stalker x3  
  142  11:44  Zealot x4  
  149  11:51  Zealot x3  
  136  12:03  Zealot x2  
  136  12:04  Zealot x2  
  136  12:05  Zealot x4  
  136  12:07  Probe (Chrono Boost)  
  131  12:09  Probe x2 (Chrono Boost)  
  131  12:10  Probe x2 (Chrono Boost)  
  131  12:11  Zealot  
  131  12:12  Zealot  
  127  12:19  Probe (Chrono Boost)  
  127  12:20  Probe (Chrono Boost)  
  130  12:24  High Templar x5  
  130  12:25  Probe x3 (Chrono Boost)  
  130  12:26  Probe x2 (Chrono Boost)  
  130  12:29  Archon  
  142  12:30  Archon  
  142  12:31  Probe x3  
  142  12:32  High Templar  
  142  12:33  Probe  
  148  12:39  Zealot x2, Archon  
  148  12:42  Stalker  
  154  12:45  Shield Battery  
  154  12:48  Zealot  
  156  12:52  Zealot  
  146  12:58  Zealot x3  
  146  13:02  Probe (Chrono Boost)  
  146  13:04  Probe (Chrono Boost)  
  149  13:08  Probe (Chrono Boost)  
  149  13:09  Probe (Chrono Boost)  
  149  13:12  Probe (Chrono Boost)  
  153  13:14  Probe (Chrono Boost)  
  153  13:19  Probe x2 (Chrono Boost)  
  155  13:20  Probe (Chrono Boost)  
  155  13:21  Probe (Chrono Boost)  
  155  13:26  High Templar  
  155  13:27  High Templar x2  
  163  13:33  Oracle (Chrono Boost)  
  163  13:36  Archon  
  163  13:39  Zealot x3  
  159  13:49  Zealot  
  159  13:50  Zealot x2  
  154  14:15  Void Ray (Chrono Boost)  
  117  14:25  Stargate  
  99  14:40  Probe x2  
  71  14:48  Probe  
  71  14:52  Zealot x7  
Show
View Real Time Build Order
Export as new Build Order

Ukko Zerg - Winner!

Build Orders: Hatch First, Lurkers 

Get SALT Encoding   

  12  0:00  Drone  
  13  0:12  Overlord  
  13  0:17  Drone  
  14  0:30  Drone x2  
  16  0:48  Hatchery  
  15  0:52  Drone  
  15  0:56  Drone  
  17  1:00  Drone  
  18  1:10  Extractor  
  17  1:15  Spawning Pool  
  17  1:18  Drone  
  17  1:20  Drone  
  18  1:28  Drone  
  19  1:39  Drone  
  20  1:51  Overlord  
  20  2:02  Queen x2  
  20  2:03  Zergling x4  
  26  2:10  Drone  
  26  2:12  Drone  
  26  2:14  Metabolic Boost  
  28  2:21  Drone  
  29  2:25  Drone  
  30  2:37  Hatchery  
  30  2:43  Queen  
  31  2:48  Overlord  
  31  2:50  Drone  
  32  2:52  Drone  
  32  2:56  Drone  
  34  2:59  Drone  
  34  3:00  Drone  
  34  3:03  Overlord  
  36  3:13  Queen  
  36  3:15  Drone x2  
  36  3:17  Drone  
  36  3:19  Drone  
  42  3:22  Drone  
  42  3:23  Drone  
  44  3:27  Spore Crawler  
  44  3:29  Spore Crawler  
  44  3:30  Drone  
  44  3:32  Drone  
  44  3:37  Drone  
  44  3:38  Drone  
  44  3:41  Queen  
  46  3:44  Drone  
  46  3:46  Zergling x4  
  46  3:48  Zergling x2  
  52  3:52  Drone x2  
  52  3:53  Drone  
  55  4:00  Drone x3  
  58  4:04  Spore Crawler  
  58  4:05  Drone  
  58  4:09  Extractor  
  57  4:14  Drone  
  59  4:20  Overlord  
  59  4:21  Evolution Chamber  
  58  4:26  Overlord  
  58  4:38  Queen  
  57  4:41  Drone  
  57  4:45  Drone x9  
  63  4:53  Drone x2  
  64  5:00  Drone  
  64  5:04  Zerg Melee Weapons Level 1  
  65  5:09  Overlord x7  
  65  5:19  Hatchery  
  64  5:23  Zergling x2  
  65  5:29  Drone  
  65  5:30  Drone x3, Hatchery  
  65  5:31  Zergling x6  
  65  5:34  Zergling x6  
  73  5:38  Zergling x8  
  76  5:46  Lair, Drone, Extractor  
  76  5:47  Drone  
  76  5:48  Zergling x4  
  78  5:50  Zergling x4  
  80  6:01  Zergling x10  
  85  6:06  Zergling x4  
  85  6:08  Overlord  
  87  6:13  Zergling x12  
  93  6:23  Zergling x4  
  90  6:33  Drone x6  
  96  6:42  Drone x10  
  96  6:45  Hydralisk Den  
  102  6:48  Baneling Nest  
  102  6:52  Drone x3  
  100  6:57  Spore Crawler  
  100  6:58  Extractor  
  100  6:59  Drone x6  
  100  7:00  Extractor  
  99  7:08  Zergling x20  
  99  7:11  Zerg Melee Weapons Level 2  
  99  7:12  Overlord  
  109  7:16  Hydralisk  
  109  7:18  Muscular Augments  
  109  7:21  Zergling x4  
  109  7:22  Zergling x4  
  115  7:30  Zergling x16  
  115  7:35  Centrifugal Hooks  
  123  7:38  Zergling x10  
  123  7:39  Zergling x4  
  123  7:40  Baneling x3  
  130  7:45  Zergling x18  
  130  7:51  Baneling x4  
  139  7:58  Hatchery  
  138  8:00  Baneling x5  
  138  8:01  Zergling x22  
  148  8:06  Zergling x4  
  148  8:23  Zergling x4  
  150  8:29  Overlord x8  
  150  8:30  Grooved Spines  
  150  8:31  Baneling  
  150  8:32  Baneling x6  
  150  8:33  Baneling x3  
  147  8:44  Hydralisk x2  
  147  8:45  Hydralisk  
  148  8:50  Zergling x2  
  148  8:51  Zergling x36  
  164  8:57  Drone x5  
  169  9:07  Drone x2  
  169  9:09  Infestation Pit, Hydralisk x3  
  169  9:10  Zergling x6  
  157  9:19  Hydralisk x2  
  157  9:20  Zergling x16  
  156  9:27  Hydralisk  
  156  9:28  Zergling x10  
  154  9:36  Zergling x8, Hydralisk x2  
  152  9:40  Hydralisk  
  152  9:41  Zergling x4  
  152  9:45  Baneling x3  
  154  9:51  Spore Crawler  
  151  9:54  Zergling x34  
  151  9:58  Baneling  
  151  9:59  Baneling x5, Extractor  
  167  10:00  Extractor  
  167  10:03  Zergling x8  
  167  10:11  Zergling x16  
  155  10:23  Zergling x22  
  155  10:25  Hydralisk x5  
  168  10:29  Drone  
  168  10:30  Spine Crawler  
  168  10:34  Zergling x4  
  160  10:39  Zergling x20  
  164  10:42  Hive  
  164  10:46  Drone x2  
  164  10:53  Lurker Den  
  164  10:54  Zergling x14  
  151  11:04  Zergling x10  
  151  11:06  Zerg Missile Weapons Level 1  
  151  11:08  Extractor  
  151  11:09  Extractor  
  147  11:14  Baneling x6  
  147  11:15  Zergling x18  
  147  11:18  Queen x3  
  158  11:26  Baneling  
  158  11:27  Zergling x8, Baneling x4  
  158  11:28  Zergling x14  
  163  11:40  Drone x10  
  163  11:43  Baneling  
  163  11:44  Baneling x2  
  173  11:49  Zergling x16  
  163  12:10  Zergling x34  
  163  12:12  Lurker  
  163  12:13  Lurker x5  
  169  12:23  Zergling x16  
  169  12:25  Seismic Spines  
  169  12:28  Zergling x8  
  181  12:34  Baneling  
  181  12:35  Baneling x3  
  181  12:36  Adrenal Glands  
  181  12:38  Zergling x16  
  181  12:42  Evolution Chamber  
  188  12:44  Lurker  
  186  12:59  Drone x11  
  186  13:01  Zergling x12  
  194  13:09  Overseer  
  193  13:14  Lurker x6  
  199  13:22  Adaptive Talons  
  181  13:45  Zergling x38  
  199  13:55  Hatchery  
  192  14:04  Hydralisk x4  
  193  14:11  Hydralisk x5  
  185  14:23  Zergling x8  
  185  14:24  Zergling x18  
  169  14:38  Zergling x24  
  173  14:56  Overseer  
  173  14:57  Overseer  
Tags
 
Add a new tag
Caveats
  • Supply blocks, unpowered buildings, or Contaminate may cause inaccurate times.
  • Supply counts are checked every 10 seconds.